 Dungeon Crawl Stone Soup version 0.16.2-2-g470672f (webtiles) character file.

64 monobi the Ruffian (level 3, -3/28 HPs)
             Began as a Draconian Transmuter on Sept 3, 2015.
             Slain by Duvessa
             ... wielding a +0 short sword
              (6 damage)
             ... on level 4 of the Dungeon.
             The game lasted 00:04:46 (3084 turns).

monobi the Ruffian (Draconian Transmuter)           Turns: 3084, Time: 00:04:47

Health: -3/28      AC:  5    Str: 13    XL:     3   Next: 91%
Magic:  6/6        EV: 12    Int: 13    God:
Gold:   119        SH:  0    Dex: 11    Spells: 1 memorised, 5 levels left

rFire  . . .     SeeInvis .     l - +0 dagger
rCold  . . .     Clarity  .     (armour unavailable)
rNeg   . . .     SustAb   .     (no shield)
rPois  .         Gourm    .     (helmet restricted)
rElec  .         Spirit   .     (no cloak)
rCorr  .         Warding  .     (no gloves)
rMut   .         Stasis   .     (no boots)
MR     .....                    (no amulet)
Stlth  +.........               (no ring)
                                (no ring)

@: lethally poisoned (-3 -> -10), not resistant to hostile enchantments, very
unstealthy
A: unfitting armour, cold-blooded, AC +5
a: no special abilities


You were on level 4 of the Dungeon.
You were hungry.

You visited 1 branch of the dungeon, and saw 4 of its levels.

You collected 119 gold pieces.

Inventory:

Hand weapons
 l - a +0 dagger (weapon)
 m - a +0 dagger
Missiles
 b - 63 arrows
Scrolls
 c - 2 scrolls of fear {unknown}
 e - 5 scrolls of identify {unknown}
 g - a scroll of amnesia {unknown}
 i - 2 scrolls of noise {unknown}
 j - a scroll of teleportation {unknown}
 k - a scroll of magic mapping {unknown}
Potions
 h - a potion of restore abilities
Books
 d - a book of Changes

   Spells                             Type                      Level
   a - Beastly Appendage              Transmutation                1
   b - Sticks to Snakes               Transmutation                2
   c - Spider Form                    Transmutation/Poison         3
   d - Ice Form                       Ice/Transmutation            4
   e - Blade Hands                    Transmutation                5
Comestibles
 a - 2 bread rations
 f - 3 meat rations


   Skills:
 + Level 1.5 Fighting
 * Level 3.0 Dodging
 * Level 0.8 Stealth
 + Level 3.2 Unarmed Combat
 + Level 2.1 Spellcasting
 * Level 2.4 Transmutations


You had 5 spell levels left.
You knew the following spells:

 Your Spells              Type           Power        Failure   Level  Hunger
a - Beastly Appendage     Trmt           #.....       12%         1    ##.....


Dungeon Overview and Level Annotations

Branches:
Dungeon (4/15)
 Temple: D:4-7

Altars:

Annotations:
D:4 Dowan, Duvessa


Innate Abilities, Weirdness & Mutations

Your plain brown scales are hard (AC +5).
Your body does not fit into most forms of armour.
Your cold-blooded metabolism reacts poorly to cold.


Message History

Drink which item? (? for menu, Esc to quit)
It was a potion of poison.
That liquid tasted very nasty...
You are lethally poisoned!
Your horns disappear.
* * * LOW HITPOINT WARNING * * *
You feel sick. Duvessa closely misses you.
You hit Duvessa but do no damage.
Duvessa is severely wounded.
* * * LOW HITPOINT WARNING * * *
You feel sick. Duvessa barely misses you.
You closely miss Duvessa.
Duvessa is severely wounded.
* * * LOW HITPOINT WARNING * * *
You feel sick. Duvessa hits you with a short sword.
* * * LOW HITPOINT WARNING * * *
You hit Duvessa but do no damage.
Duvessa is severely wounded.
Duvessa hits you with a short sword.
You die...

.......##.##.#..#####..##....
...###.##.##.#..# ##.##...##
...'...##.......# . #..
...##[.##.##.#..#
...##..##.##.#..# ###
#####........#..# ...#
#.....##.#..# ....#
#.....##.#..##.....#
#...........@e.....#
#.#...##.#.###.....#
#.######.#.# ....# #+# # ...
...# .#.. +## .+.. # #.. .


You could see Duvessa.

Vanquished Creatures
  2 adders (D:2)
  An ooze (D:1)
  An orc (D:4)
  5 bats (D:1)
  A bat skeleton (D:4)
  A giant cockroach (D:4)
  6 goblins
  5 hobgoblins
  2 quokkas (D:2)
  A ball python (D:2)
  3 giant geckos
  3 giant newts (D:1)
  5 kobolds
  5 rats
41 creatures vanquished.

Notes
Turn   | Place    | Note
--------------------------------------------------------------
     0 | D:1      | monobi, the Draconian Transmuter, began the quest for the Orb.
     0 | D:1      | Reached XP level 1. HP: 16/16 MP: 3/3
   447 | D:1      | Reached XP level 2. HP: 23/23 MP: 4/4
  1022 | D:2      | Reached XP level 3. HP: 19/28 MP: 6/6
  3060 | D:4      | Noticed Duvessa
  3060 | D:4      | Noticed Dowan
  3084 | D:4      | Slain by Duvessa

Action                   || total
-------------------------++-------
Melee: Unarmed           ||    70
       Dagger            ||   144
 Cast: Beastly Appendage ||     3
  Use: Potion            ||     3
  Eat: Chunk             ||     2
       Bread ration      ||     1
